 Dungeon Crawl Stone Soup version 0.22.1-1-ga44c0e56f4 (webtiles) character file.

9498 JOKERXD40 the Cleaver (level 11, -41/148 HPs)
             Began as a Minotaur Berserker on Oct 26, 2018.
             Was a High Priest of Trog.
             Annihilated by an ettin
             ... wielding a +0 dire flail
              (46 damage)
             ... on level 1 of the Orcish Mines.
             The game lasted 00:25:03 (8261 turns).

JOKERXD40 the Cleaver (Minotaur Berserker)          Turns: 8261, Time: 00:25:04

Health: -41/148    AC: 13    Str: 28    XL:     11   Next: 23%
Magic:  3/3        EV: 16    Int:  4    God:    Trog [*****.]
Gold:   834        SH:  0    Dex: 12    Spells: 10/10 levels left

rFire    + + +     SeeInvis +   G - +2 battleaxe (antimagic)
rCold    . . .     Gourm    .   (shield currently unavailable)
rNeg     . . .     Faith    +   E - +3 ring mail of Gozag's Hope {*Contam rPois rF+++ Regen+}
rPois    +         Spirit   .   (helmet restricted)
rElec    .         Reflect  .   p - +0 cloak
rCorr    .         Harm     .   d - +0 pair of gloves
MR       .....                  (no boots)
Stlth    ..........             K - amulet of faith
HPRegen  0.74/turn              l - ring of flight
MPRegen  0.08/turn              a - ring of see invisible

@: berserking, very quick
A: retaliatory headbutt, horns 2
a: Berserk, Trog's Hand, Brothers in Arms, Renounce Religion, Evoke Flight


You were on level 1 of the Orcish Mines.
You worshipped Trog.
Trog was extremely pleased with you.
You were not hungry.

You visited 2 branches of the dungeon, and saw 12 of its levels.

You collected 834 gold pieces.

Inventory:

Hand Weapons
 z - a +0 shortbow
 G - a +2 antimagic battleaxe (weapon)
Missiles
 u - 10 tomahawks (quivered)
 w - 127 arrows
 x - 4 tomahawks of returning
Armour
 d - a +0 pair of gloves (worn)
 p - a +0 cloak (worn)
 v - a +0 buckler
 E - the +3 ring mail of Gozag's Hope (worn) {*Contam rPois rF+++ Regen+}
   (You found it on level 7 of the Dungeon)

   It renders you almost immune to fire.
   It protects you from poison.
   It causes magical contamination when unequipped.
   It increases your rate of regeneration.
Jewellery
 a - a ring of see invisible (right hand)
 l - a ring of flight (left hand)
 K - an amulet of faith (around neck)
Wands
 f - a wand of acid (8)
 s - a wand of iceblast (5)
 C - a wand of polymorph (18)
 I - a wand of random effects (29)
 J - a wand of disintegration (25)
Scrolls
 i - 6 scrolls of identify
 k - 10 scrolls of remove curse
 m - 2 scrolls of random uselessness {unknown}
 o - 6 scrolls of magic mapping
 q - 6 scrolls of teleportation {unknown}
 y - 2 scrolls of enchant armour {unknown}
 D - a scroll of acquirement {unknown}
 F - a scroll of blinking {unknown}
 O - a scroll of immolation {unknown}
 P - a scroll of holy word {unknown}
Potions
 b - 3 potions of flight {unknown}
 e - 4 potions of curing
 g - 5 potions of lignification
 h - a potion of degeneration {unknown}
 j - a potion of invisibility {unknown}
 n - 3 potions of heal wounds
 r - a potion of berserk rage {unknown}
 t - a potion of mutation {unknown}
 A - 2 potions of ambrosia {unknown}
 B - 2 potions of might {unknown}
 H - 2 potions of resistance {unknown}
 L - a potion of brilliance {unknown}
 N - a potion of magic {unknown}
Comestibles
 c - 10 rations
 M - 2 chunks of flesh


   Skills:
 + Level 10.1 Fighting
 + Level 11.8 Axes
 + Level 6.0 Bows
 + Level 10.0 Armour
 + Level 8.8 Dodging
 - Level 0.6 Stealth


You had 10 spell levels left.
You didn't know any spells.
Your spell library was empty.

Dungeon Overview and Level Annotations

Branches:
Dungeon (10/15)            Temple (0/1) D:6            Lair (0/6) D:8
    Orc (2/2) D:10
    Elf: Orc:2

Altars:
Ashenzari
Gozag
Hepliaklqana
Makhleb
Okawaru
Qazlal
Sif Muna
Trog
Xom
Yredelemnul
The Shining One

Shops:
D:5 %   Orc:2 =(

Annotations:
D:10 exclusion: obsidian statue


Innate Abilities, Weirdness & Mutations

You reflexively headbutt those who attack you in melee.
You have a pair of horns on your head.


Message History

A red film seems to cover your vision as you go berserk!
You feel yourself moving faster!
You feel mighty!
You feel quite a bit more hungry. The ettin misses you.
The ettin hits you with a dire flail.
* * * LOW HITPOINT WARNING * * *
The ettin closely misses you. The ettin hits you with a dire flail!!
* * * LOW HITPOINT WARNING * * *
You are too berserk!
You are too berserk!
You open the ettin like a pillowcase!!!
The ettin is heavily wounded.
Your ring mail of Gozag's Hope prevents you from hitting the ettin.
You slash the ettin! You headbutt the ettin!
The ettin is almost dead.
You hit the ettin. The ettin misses you. You furiously retaliate!
You headbutt the ettin! The ettin closely misses you.
The ettin hits you with a dire flail.
* * * LOW HITPOINT WARNING * * *
The ettin hits you with a dire flail!!!
You die...

##.##.## ####..### ##..##
#......###.#.....####....#
###.#...##...#...........##
##.#....................#.##
#..........................#
##.......#.................##
#..........................##
........#######.C...........#
#.#.....##.>.##.@...........#
###.....##≈≈≈##..C.........##
#......##...##...#.......##
##...#<.##.).##....#......##
#.......###'###............##
##......#.8)8.#.............#
##.##.##.._..#.........#..##
###...##...##..........###
##..#...##.##..^.....#.####


You could see 2 ettins.

Vanquished Creatures
  Erica (D:8)
  An unseen horror (D:10)
  Pikel (D:6)
  A troll (D:10)
  A hornet (D:10)
  Grinder (D:4)
  10 spriggans
  A wraith (D:8)
  A wyvern (D:8)
  4 yaks (D:10)
  Edmund (D:4)
  A water moccasin (D:9)
  An ice beast (D:6)
  3 orc warriors
  4 sky beasts
  3 slaves (D:6)
  2 black bears (D:9)
  2 ogres (D:7)
  A phantom (D:5)
  3 centaurs
  2 elf zombies (D:8)
  3 big kobolds
  4 bullfrogs
  2 wyvern zombies
  4 scorpions
  4 killer bees (D:10)
  9 wights
  A howler monkey (D:5)
  3 crimson imps
  A bullfrog zombie (D:10)
  5 hounds
  2 human zombies (D:8)
  4 jellies
  9 orc wizards
  6 orc priests
  3 bullfrog skeletons
  Ijyb (D:3)
  3 iguanas
  4 worker ants
  An ogre zombie (D:8)
  A hound zombie (D:5)
  A hound skeleton (D:7)
  2 mummies (D:8)
  Robin (D:4)
  2 worker ant zombies
  6 gnolls
  15 adders
  14 oozes
  An adder zombie (D:5)
  4 worms
  4 dart slugs
  4 leopard geckos
  44 orcs
  3 ball pythons
  2 giant cockroaches
  16 goblins
  8 hobgoblins
  8 jackals
  26 kobolds
  5 quokkas
  11 bats
  5 frilled lizards
  2 quokka skeletons
  A quokka zombie (D:6)
  5 rats
  A fungus (D:4)
306 creatures vanquished.

Vanquished Creatures (others)
  A butterfly (D:6)
  2 fungi (D:4)
  7 toadstools (D:4)
10 creatures vanquished.

Grand Total: 316 creatures vanquished

Notes
Turn   | Place    | Note
-------+----------+-------------------------------------------
     0 | D:1      | JOKERXD40 the Minotaur Berserker began the quest for the
                  | Orb.
     0 | D:1      | Reached XP level 1. HP: 19/19 MP: 0/0
   201 | D:1      | Reached skill level 4 in Axes
   201 | D:1      | Reached XP level 2. HP: 23/27 MP: 1/1
   372 | D:1      | Reached ** piety under Trog
   552 | D:1      | Reached XP level 3. HP: 33/33 MP: 2/2
  1452 | D:2      | Found an iron altar of Okawaru.
  1454 | D:2      | Reached XP level 4. HP: 38/41 MP: 3/3
  1569 | D:2      | Reached skill level 5 in Axes
  1589 | D:2      | Reached XP level 5. HP: 38/47 MP: 4/4
  1885 | D:2      | Found a stormy altar of Qazlal.
  2209 | D:3      | Reached *** piety under Trog
  2392 | D:3      | Noticed Ijyb
  2405 | D:3      | Killed Ijyb
  2641 | D:4      | Noticed Robin
  2648 | D:4      | Reached XP level 6. HP: 53/53 MP: 5/5
  2655 | D:4      | Killed Robin
  2692 | D:4      | Reached skill level 6 in Axes
  2710 | D:4      | Found a shimmering altar of Xom.
  2779 | D:4      | Found a bloodstained altar of Trog.
  2891 | D:4      | Noticed Edmund
  2901 | D:4      | Killed Edmund
  2901 | D:4      | Reached XP level 7. HP: 60/60 MP: 6/6
  2905 | D:4      | Reached skill level 5 in Fighting
  2905 | D:4      | Reached skill level 7 in Axes
  2907 | D:4      | Found an opulent altar of Gozag.
  2957 | D:4      | Found a glowing golden altar of the Shining One.
  2990 | D:4      | Noticed Grinder
  3012 | D:4      | Killed Grinder
  3012 | D:4      | Reached **** piety under Trog
  3012 | D:4      | Reached skill level 5 in Armour
  3065 | D:4      | Reached skill level 8 in Axes
  3133 | D:5      | Entered Level 5 of the Dungeon
  3221 | D:5      | Found Mannoluf's Food Shoppe.
  3262 | D:5      | Reached XP level 8. HP: 68/70 MP: 7/7
  3443 | D:5      | Reached skill level 9 in Axes
  3892 | D:6      | Reached skill level 5 in Dodging
  3931 | D:6      | Found a burning altar of Makhleb.
  3938 | D:6      | Found a hazy altar of Hepliaklqana.
  4082 | D:6      | Reached ***** piety under Trog
  4098 | D:6      | Found a shattered altar of Ashenzari.
  4126 | D:6      | Noticed Pikel
  4136 | D:6      | Killed Pikel
  4136 | D:6      | Reached XP level 9. HP: 68/79 MP: 8/8
  4174 | D:6      | Found a staircase to the Ecumenical Temple.
  4380 | D:6      | Reached skill level 10 in Axes
  4692 | D:7      | Reached skill level 1 in Bows
  4781 | D:7      | Got a translucent ring mail
  4792 | D:7      | Identified the +3 ring mail of Gozag's Hope {*Contam rPois
                  | rF+++ Regen+} (You found it on level 7 of the Dungeon)
  5608 | D:8      | Noticed Erica
  5631 | D:8      | Killed Erica
  5631 | D:8      | Reached XP level 10. HP: 54/90 MP: 9/9
  5638 | D:8      | Found a staircase to the Lair.
  5753 | D:8      | Received a gift from Trog
  6035 | D:8      | Found a basalt altar of Yredelemnul.
  6469 | D:9      | Reached skill level 11 in Axes
  6714 | D:9      | Reached skill level 5 in Bows
  7206 | D:10     | Entered Level 10 of the Dungeon
  7269 | D:10     | Reached XP level 11. HP: 99/99 MP: 3/10
  7272 | D:10     | Noticed an obsidian statue
  7494 | D:10     | Noticed an unseen horror
  7499 | D:10     | Killed an unseen horror
  7499 | D:10     | Reached skill level 10 in Fighting
  7564 | D:10     | Reached skill level 10 in Armour
  7593 | D:10     | Found a staircase to the Orcish Mines.
  7965 | Orc:1    | Entered Level 1 of the Orcish Mines
  8016 | Orc:1    | Found a deep blue altar of Sif Muna.
  8187 | Orc:2    | Entered Level 2 of the Orcish Mines
  8187 | Orc:2    | Found Yleuline's Jewellery Emporium.
  8187 | Orc:2    | Found Vylac's Antique Weapon Shop.
  8187 | Orc:2    | Noticed an ettin
  8187 | Orc:2    | Noticed an ettin
  8261 | Orc:1    | HP: 5/148 [ettin/dire flail (5)]
  8261 | Orc:1    | Annihilated by an ettin

Skill      XL: |  1  2  3  4  5  6  7  8  9 10 11 |
---------------+----------------------------------+-----
Axes           | 4 5 6 8 9 10 11 | 11.8
Fighting       | 4 5 7 8 9 10 | 10.1
Armour         | 3 4 5 7 8 9 10 | 10.0
Dodging        | 3 4 6 7 8 |  8.8
Bows           | 3 5 6 |  6.0
Stealth        | |  0.6

Action                   |  1- 3 |  4- 6 |  7- 9 | 10-12 || total
-------------------------+-------+-------+-------+-------++-------
Melee: Hand axe          |    82 |   135 |       |       ||   217
       Headbutt          |    15 |    27 |    56 |    47 ||   145
       War axe           |       |     8 |   278 |    10 ||   296
       Battleaxe         |       |       |       |   229 ||   229
 Fire: Shortbow          |       |       |    12 |    15 ||    27
Throw: Stone             |       |     2 |     3 |       ||     5
Invok: Berserk           |       |     2 |     2 |     6 ||    10
  Use: Potion            |       |       |     2 |       ||     2
       Scroll            |       |       |     4 |       ||     4
  Eat: Chunk             |     2 |     2 |     5 |    14 ||    23
       Ration            |       |     1 |     2 |       ||     3
Armor: Animal skin       |     5 |       |       |       ||     5
       Chain mail        |    46 |    78 |   106 |       ||   230
       Ring mail         |       |       |    22 |    80 ||   102
Dodge: Dodged            |    45 |    62 |   136 |   181 ||   424
